 Dungeon Crawl Stone Soup version 0.21-a0-283-g622b906 (webtiles) character file.

210488 motkurip the Severer (level 18, -3/122 HPs)
             Began as a Gargoyle Gladiator on Sept 24, 2017.
             Was the Champion of Makhleb.
             Slain by a very large slime creature (24 damage)
             ... on level 1 of the Pits of Slime.
             The game lasted 01:14:53 (13195 turns).

motkurip the Severer (Gargoyle Gladiator)          Turns: 13195, Time: 01:14:55

Health: -3/122     AC: 24    Str: 23    XL:     18   Next: 34%
Magic:  0/27       EV: 11    Int:  9    God:    Makhleb [******]
Gold:   926        SH:  0    Dex: 19    Spells: 9/22 levels left

rFire    + + .     SeeInvis .   R - +3 war axe "Ettikod" {vamp, rF++}
rCold    . . .     Gourm    .   v - +0 buckler
rNeg     + + .     Faith    .   U - +1 plate armour of the Apprentice {rElec rCorr}
rPois    ∞         Spirit   +   N - +1 hat {MR+}
rElec    +         Reflect  +   h - scarf {Spirit}
rCorr    +         Harm     .   i - +1 pair of gloves
MR       ++...                  S - +0 pair of boots
Stlth    ..........             G - brooch of Shielding {Reflect SH+8}
HPRegen  0.30/turn              Z - ring of positive energy
MPRegen  0.20/turn              a - ring "Ofoiheedd" {Str+3 Dex+2}

@: confused, corroded, flying, very slightly contaminated
A: big wings, negative energy resistance 1, electricity resistance, unbreathing,
petrification resistance, rot immunity, AC +13
}: 2/15 runes: serpentine, barnacled
a: Stop Flying, Minor Destruction, Lesser Servant of Makhleb, Major Destruction,
Greater Servant of Makhleb, Renounce Religion


You were on level 1 of the Pits of Slime.
You worshipped Makhleb.
Makhleb was exalted by your worship.
You were hungry.

You visited 5 branches of the dungeon, and saw 26 of its levels.
You also visited: Ice Cave.

You collected 1401 gold pieces.
You spent 475 gold pieces at shops.

Inventory:

Hand Weapons
 b - the +8 trident of Ruiriana {pierce, rElec rF+ rC++ Str-4}
   (You found it on level 10 of the Dungeon)

   It inflicts extra damage upon your enemies.
   It affects your strength (-4).
   It protects you from fire.
   It greatly protects you from cold.
   It insulates you from electricity.
 m - the +1 broad axe "Iruinauk" {protect, rElec Stlth+}
   (You acquired it on level 2 of the Snake Pit)

   It protects the one who uses it against injury (+AC on strike).
   It insulates you from electricity.
   It makes you more stealthy.
 R - the +3 war axe "Ettikod" (weapon) {vamp, rF++}
   (You found it on level 7 of the Dungeon)

   It inflicts no extra harm, but heals its wielder when it wounds a living foe.
   It greatly protects you from fire.
 V - a +0 vampiric battleaxe
Missiles
 d - 5 throwing nets (quivered)
Armour
 h - a scarf of spirit shield (worn)
 i - a +1 pair of gloves (worn)
 s - the +4 scale mail of Lorut {*Contam +Inv rC+ rN++}
   (You found it on level 4 of the Shoals)

   It protects you from cold.
   It greatly protects you from negative energy.
   It lets you turn invisible.
   It causes magical contamination when unequipped.
 v - a +0 buckler (worn)
 N - a +1 hat of magic resistance (worn)
 S - a +0 pair of boots (worn)
 U - the +1 plate armour of the Apprentice (worn) {rElec rCorr}
   (You found it on level 8 of the Dungeon)

   It insulates you from electricity.
   It protects you from acid and corrosion.
Jewellery
 a - the ring "Ofoiheedd" (right hand) {Str+3 Dex+2}
   (You found it on level 4 of the Shoals)

   [ring of dexterity]

   It affects your strength (+3).
   It affects your dexterity (+2).
 G - the brooch of Shielding (around neck) {Reflect SH+8}
   (You found it on level 6 of the Dungeon)

   [amulet of reflection]

   It shields you and reflects attacks.
   It affects your SH (+8).
 Z - a ring of positive energy (left hand)
Wands
 D - a wand of paralysis (8/24)
 T - a wand of iceblast (10/15)
 X - a wand of acid (2/15)
Scrolls
 e - 7 scrolls of amnesia
 g - a scroll of silence
 j - 10 scrolls of teleportation
 k - 3 scrolls of enchant weapon
 t - a scroll of summoning {unknown}
 w - 9 scrolls of recharging
 x - a scroll of vulnerability {unknown}
 y - a scroll of torment {unknown}
 z - 3 scrolls of magic mapping
 B - 2 scrolls of brand weapon
 E - a scroll of immolation {unknown}
 F - a scroll of fear {unknown}
 I - 6 scrolls of fog
 L - 8 scrolls of remove curse
 O - 2 scrolls of blinking
 P - 2 scrolls of enchant armour
 W - 2 scrolls of noise {unknown}
Potions
 l - 5 potions of curing
 n - 3 potions of agility
 o - 4 potions of magic
 p - 3 potions of berserk rage
 r - 2 potions of might
 u - a potion of brilliance {unknown}
 A - 2 potions of mutation
 C - 2 potions of ambrosia
 J - 3 potions of haste
 K - 5 potions of heal wounds
 Q - 2 potions of cancellation {unknown}
 Y - 3 potions of flight {unknown}
Books
 M - a book of Burglary

   Spells                             Type                      Level
   a - Swiftness                      Charms/Air                   2
   b - Passwall                       Transmutation/Earth          2
   c - Passage of Golubria            Translocation                4
   d - Lee's Rapid Deconstruction     Earth                        5
   e - Darkness                       Hexes                        6
   f - Invisibility                   Hexes                        6
Miscellaneous
 H - a phantom mirror
Comestibles
 c - 2 meat rations
 f - 13 bread rations
 q - 6 fruits


   Skills:
 + Level 16.6 Fighting
 * Level 17.9 Axes
 - Level 2.1 Throwing
 - Level 15.0 Armour
 + Level 6.3 Dodging
 - Level 4.2 Shields
 + Level 2.6 Spellcasting
 + Level 13.0 Invocations


You had 9 spell levels left.
You knew the following spells:

 Your Spells              Type           Power        Failure   Level  Hunger
a - Apportation           Tloc           #.....       95%         1    ##.....
b - Animate Skeleton      Necr           N/A          95%         1    ##.....
c - Death Channel         Necr           #.........   100%        6    #######
d - Lee's Rapid Deconstr  Erth           #.........   100%        5    ######.


Dungeon Overview and Level Annotations

Branches:
Dungeon (11/15)            Temple (0/1) D:7            Lair (6/6) D:11
 Shoals (4/4) Lair:3        Snake (4/4) Lair:2        Slime (1/5) Lair:6
    Orc: D:9-12

Altars:
Cheibriados
Gozag
Makhleb
Trog
Vehumet
Xom
Zin
Jiyva

Shops:
Shoals:2 (   Snake:3 !

Annotations:
D:4 CcS's ghost, amateur DDGl
D:10 pwnalone's ghost, journeyman MiFi
Lair:1 exclusion: oklob plant
Shoals:3 Nikola
Snake:3 Vashnia


Innate Abilities, Weirdness & Mutations

You are resistant to torment.
Your stone body is resilient. (AC +13)
You are immune to poison.
Your large and strong wings let you fly indefinitely.
You resist negative energy. (rN+)
You are resistant to electric shocks. (rElec)
You can survive without breathing.
You are immune to petrification.
You are immune to rotting.


Message History

You are splashed with acid!
The acid burns!
You resist.
The golden eye blinks!
The very large slime creature misses you.
Unknown command.
Unknown command.
A demon appears!
You block the acid blob's attack. The golden eye blinks at you.
You resist with some effort. The golden eye blinks at you.
You are confused.
The very large slime creature hits you but does no damage.
Unknown command.
There are monsters nearby!
You're too confused to move!
The golden eye blinks at you. You resist with almost no effort.
The acid blob hits you!!
* * * LOW HITPOINT WARNING * * *
You are splashed with acid!
The acid burns!
You resist.
* * * LOW HITPOINT WARNING * * *
The very large slime creature hits you!!
You die...

# ### ###
#.##..####.### ###.
.............##.#...
....................
.........GG>........
.....#....@........#
#........JJ.2...#.#
.................#
.#..>......<.....#
................##
..#..............#
.................#
.#....#.........##
......###.....##


You could see an acid blob, a very large slime creature, 2 golden eyes and a
friendly green death.

Vanquished Creatures
  A kraken (Shoals:3)
  Polyphemus (Shoals:3)
  Ilsuiw (Shoals:4)
  6 nagarajas (Snake:4)
  Aizul (Snake:2)
  A merfolk javelineer (Shoals:4)
  7 merfolk impalers (Shoals:4)
  5 merfolk aquamancers
  4 merfolk avatars
  4 hydras
  11 naga warriors
  4 catoblepae
  4 satyrs
  An alligator snapping turtle (Shoals:4)
  12 anacondas
  13 death yaks
  A deep troll shaman (Lair:6)
  6 naga sharpshooters
  8 shock serpents
  9 salamander mystics
  11 sea snakes
  4 naga ritualists (Snake:4)
  5 lindwurms
  17 harpies
  5 mana vipers
  9 manticores
  7 cyclopes
  21 fauns
  19 elephants
  8 guardian serpents
  A centaur zombie (D:10)
  14 salamanders
  8 water nymphs
  30 black mambas
  7 merfolk sirens
  14 naga magi
  5 spiny frogs
  A torpor snail (Lair:4)
  5 komodo dragons
  2 freezing wraiths (IceCv)
  2 trolls (D:10)
  4 wind drakes
  A hornet (D:11)
  A polar bear (Lair:6)
  20 merfolk
  5 slime creatures
  25 blink frogs
  11 snapping turtles
  21 dream sheep
  14 hippogriffs
  A spriggan (Lair:1)
  35 yaks
  10 water elementals
  2 wyverns (D:10)
  Grum (D:9)
  4 golden eyes (Slime:1)
  2 basilisks
  A death yak simulacrum (IceCv)
  3 wargs (D:11)
  32 nagas
  18 water moccasins
  Duvessa (D:7)
  2 orc warriors
  6 porcupines
  4 black bears
  3 sky beasts
  3 ogres
  2 phantoms
  5 ice beasts (IceCv)
  A necrophage (D:6)
  12 wolves
  3 centaurs
  13 crocodiles
  2 big kobolds
  8 bullfrogs
  Dowan (D:7)
  2 scorpions
  A howler monkey (D:9)
  6 electric eels
  5 crimson imps
  5 hounds
  4 jellies
  11 orc wizards
  5 orc priests
  5 bullfrog skeletons
  A gnoll shaman (D:6)
  An iguana (D:9)
  5 worker ants
  A polar bear simulacrum (IceCv)
  2 wolf simulacra (IceCv)
  2 hound skeletons
  A worker ant zombie (D:7)
  6 gnolls
  2 howler monkey skeletons
  12 adders
  2 shadow imps
  5 white imps (IceCv)
  An ooze (D:6)
  An adder zombie (D:8)
  4 worms
  2 dart slugs
  3 leopard geckos
  22 orcs
  3 giant cockroaches
  5 goblins
  4 hobgoblins (D:1)
  6 jackals
  4 quokkas
  3 bats
  3 frilled lizards
  16 kobolds
  A leopard gecko zombie (D:7)
  2 rats
  A fungus (Lair:6)
  4 plants
  3 tentacles (Shoals:3)
744 creatures vanquished.

Vanquished Creatures (collateral kills)
  Agnes (Snake:4)
  2 salamander mystics (Snake:4)
  2 black mambas
  A naga mage (Snake:4)
  3 blink frogs
  A hippogriff (Lair:2)
  A crocodile (Lair:2)
  A bullfrog (Lair:3)
  An electric eel (Lair:2)
13 creatures vanquished.

Vanquished Creatures (others)
  3 merfolk javelineers (Shoals:4)
  2 satyrs
  A naga sharpshooter (Snake:3)
  A mana viper (Snake:4)
  4 fauns
  4 centaurs
  A kobold (D:7)
  8 fungi
  10 plants
  7 tentacles (Shoals:3)
  16 toadstools
57 creatures vanquished.

Grand Total: 814 creatures vanquished

Notes
Turn   | Place    | Note
-------+----------+-------------------------------------------
     0 | D:1      | motkurip the Gargoyle Gladiator began the quest for the Orb.
     0 | D:1      | Reached XP level 1. HP: 12/12 MP: 1/1
   157 | D:1      | Reached XP level 2. HP: 17/18 MP: 2/2
   324 | D:1      | Reached skill level 3 in Axes
   431 | D:2      | Reached XP level 3. HP: 17/22 MP: 3/3
   452 | D:2      | Found an opulent altar of Gozag.
   730 | D:2      | Reached XP level 4. HP: 19/28 MP: 2/4
  1112 | D:3      | Reached skill level 4 in Axes
  1243 | D:4      | Noticed CcS's ghost (amateur DDGl)
  1262 | D:4      | Noticed a water moccasin
  1272 | D:4      | Killed a water moccasin
  1272 | D:4      | Reached XP level 5. HP: 11/33 MP: 1/5
  1274 | D:4      | Reached XP level 6. HP: 13/38 MP: 2/6
  1349 | D:4      | Reached skill level 5 in Axes
  1640 | D:5      | Entered Level 5 of the Dungeon
  1746 | D:5      | Found a bloodstained altar of Trog.
  1776 | D:5      | Reached XP level 7. HP: 41/44 MP: 5/7
  1814 | D:5      | Reached skill level 5 in Fighting
  1952 | D:5      | Found a burning altar of Makhleb.
  1952 | D:5      | Found a shimmering altar of Xom.
  1952 | D:5      | Found a radiant altar of Vehumet.
  1960 | D:5      | Became a worshipper of Makhleb the Destroyer
  1972 | D:5      | Reached skill level 1 in Armour
  2024 | D:5      | Found a glowing silver altar of Zin.
  2078 | D:5      | Reached skill level 6 in Axes
  2213 | D:6      | Found a snail-covered altar of Cheibriados.
  2247 | D:6      | Found the brooch of Shielding {Reflect SH+8}
  2268 | D:6      | Reached XP level 8. HP: 26/50 MP: 6/8
  2605 | D:6      | Reached skill level 7 in Axes
  2636 | D:6      | Reached skill level 1 in Shields
  2931 | D:7      | Found a staircase to the Ecumenical Temple.
  2960 | D:7      | Noticed Dowan
  2963 | D:7      | Noticed Duvessa
  2971 | D:7      | Killed Duvessa
  2971 | D:7      | Reached * piety under Makhleb
  2976 | D:7      | Killed Dowan
  3109 | D:7      | Got a polished war axe
  3114 | D:7      | Identified the +3 war axe "Ettikod" {vamp, rF++} (You found it on level 7 of the Dungeon)
  3142 | D:7      | Reached XP level 9. HP: 56/56 MP: 7/9
  3150 | D:7      | Found a burning altar of Makhleb.
  3258 | D:8      | Reached skill level 8 in Axes
  3373 | D:8      | Got a spiked plate armour
  3384 | D:8      | Identified the cursed +1 plate armour of the Apprentice {rElec rCorr} (You found it on level 8 of the Dungeon)
  3615 | D:9      | Reached skill level 5 in Armour
  3768 | D:10     | Entered Level 10 of the Dungeon
  3779 | D:10     | Noticed a troll
  3780 | D:10     | Noticed pwnalone's ghost (journeyman MiFi)
  3792 | D:10     | Killed a troll
  3869 | D:9      | Noticed Grum
  3874 | D:9      | Reached ** piety under Makhleb
  3889 | D:9      | Killed Grum
  3889 | D:9      | Reached skill level 9 in Axes
  3950 | D:9      | Reached XP level 10. HP: 64/64 MP: 7/10
  4256 | D:10     | Reached skill level 10 in Axes
  4256 | D:10     | Reached skill level 1 in Invocations
  4539 | D:10     | Got an ancient trident
  4662 | D:11     | Reached *** piety under Makhleb
  4683 | D:11     | Found a staircase to the Lair.
  4710 | D:11     | Reached XP level 11. HP: 71/71 MP: 5/13
  4741 | Lair:1   | Entered Level 1 of the Lair of Beasts
  4758 | Lair:1   | Identified the +8 trident of Ruiriana {pierce, rElec rF+ rC++ Str-4} (You found it on level 10 of the Dungeon)
  4950 | Lair:1   | Noticed an oklob plant
  5099 | Lair:2   | Reached skill level 10 in Fighting
  5107 | Lair:2   | Reached skill level 11 in Axes
  5138 | Lair:2   | Noticed an eight-headed hydra
  5149 | Lair:2   | Killed an eight-headed hydra
  5293 | Lair:2   | Reached **** piety under Makhleb
  5443 | Lair:3   | Reached XP level 12. HP: 78/78 MP: 11/15
  5458 | Lair:3   | Reached skill level 12 in Axes
  5523 | Lair:3   | Found a staircase to the Shoals.
  5756 | Lair:4   | Noticed a five-headed hydra
  5779 | Lair:3   | Killed a five-headed hydra
  5812 | Lair:4   | Reached skill level 10 in Armour
  5944 | Lair:4   | Noticed a five-headed hydra
  5963 | Lair:4   | Killed a five-headed hydra
  6218 | Lair:4   | Noticed a seven-headed hydra
  6230 | Lair:4   | Killed a seven-headed hydra
  6230 | Lair:4   | Reached skill level 13 in Axes
  6293 | Lair:4   | Found a runed door.
  6314 | Lair:4   | Reached XP level 13. HP: 85/85 MP: 14/16
  6799 | Lair:5   | Reached ***** piety under Makhleb
  7187 | Lair:6   | Entered Level 6 of the Lair of Beasts
  7239 | Lair:6   | Reached skill level 5 in Invocations
  7426 | Lair:6   | Found a viscous altar of Jiyva.
  7426 | Lair:6   | Found a staircase to the Slime Pits.
  7430 | Lair:6   | Found a frozen archway.
  7452 | Lair:6   | Gained mutation: Your large and strong wings let you fly indefinitely. [Gargoyle growth]
  7452 | Lair:6   | Reached XP level 14. HP: 94/94 MP: 7/18
  7482 | IceCv    | Entered an ice cave
  7737 | Lair:6   | Reached skill level 14 in Axes
  7996 | Lair:6   | Learned a level 1 spell: Apportation
  7999 | Lair:6   | Learned a level 1 spell: Animate Skeleton
  8239 | Shoals:1 | Entered Level 1 of the Shoals
  8617 | Shoals:1 | Reached ****** piety under Makhleb
  8696 | Shoals:2 | Found Zoskoll's Weapon Shoppe.
  8714 | Shoals:2 | Reached XP level 15. HP: 100/100 MP: 13/21
  8945 | Shoals:3 | Noticed Nikola
  8963 | Shoals:3 | Noticed a kraken
  9159 | Shoals:3 | Reached skill level 15 in Axes
  9222 | Shoals:3 | Noticed Polyphemus
  9263 | Shoals:3 | Killed Polyphemus
  9490 | Shoals:3 | Reached skill level 10 in Invocations
  9609 | Shoals:3 | Killed a kraken
  9687 | Shoals:4 | Entered Level 4 of the Shoals
  9718 | Shoals:4 | Reached skill level 15 in Fighting
  9747 | Shoals:4 | Reached XP level 16. HP: 108/108 MP: 10/23
  9930 | Shoals:4 | Noticed Ilsuiw
 10021 | Shoals:4 | Reached skill level 16 in Axes
 10081 | Shoals:4 | Killed Ilsuiw
 10190 | Shoals:4 | Got a glittering jade ring
 10191 | Shoals:4 | Identified the ring "Ofoiheedd" {Str+3 Dex+2} (You found it on level 4 of the Shoals)
 10346 | Shoals:4 | Got a barnacled rune of Zot
 10414 | Shoals:4 | Got a jewelled scale mail
 10425 | Shoals:4 | Identified the +4 scale mail of Lorut {*Contam +Inv rC+ rN++} (You found it on level 4 of the Shoals)
 10524 | Shoals:4 | Identified the Collected Works on Unholy Rituals and Air
 10969 | Lair:2   | Found a staircase to the Snake Pit.
 10978 | Snake:1  | Entered Level 1 of the Snake Pit
 11037 | Snake:2  | Reached skill level 15 in Armour
 11143 | Snake:1  | Learned a level 6 spell: Death Channel
 11316 | Snake:2  | Noticed Aizul
 11349 | Snake:2  | Killed Aizul
 11349 | Snake:2  | Reached XP level 17. HP: 114/114 MP: 19/25
 11415 | Snake:2  | Identified a scroll of acquirement
 11416 | Snake:2  | Got a polished broad axe
 11417 | Snake:2  | Identified the +1 broad axe "Iruinauk" {protect, rElec Stlth+} (You acquired it on level 2 of the Snake Pit)
 11679 | Snake:3  | Found Qyrigyep's Distillery.
 11707 | Snake:3  | Bought a potion of heal wounds for 95 gold pieces
 11707 | Snake:3  | Bought a potion of agility for 76 gold pieces
 11707 | Snake:3  | Bought a potion of berserk rage for 95 gold pieces
 11707 | Snake:3  | Bought a potion of mutation for 152 gold pieces
 11707 | Snake:3  | Bought a potion of lignification for 57 gold pieces
 11709 | Snake:3  | Noticed Vashnia
 11751 | Snake:3  | Reached skill level 17 in Axes
 11945 | Snake:4  | Entered Level 4 of the Snake Pit
 12181 | Snake:4  | Reached skill level 5 in Dodging
 12285 | Snake:4  | Noticed Agnes
 12299 | Snake:4  | Killed Agnes
 12409 | Snake:4  | Learned a level 5 spell: Lee's Rapid Deconstruction
 12575 | Snake:4  | Reached skill level 1 in Spellcasting
 12653 | Snake:4  | Reached XP level 18. HP: 122/122 MP: 7/27
 12777 | Snake:4  | Got a serpentine rune of Zot
 13133 | Slime:1  | Entered Level 1 of the Pits of Slime
 13195 | Slime:1  | Slain by a very large slime creature

Vault maps used:
D:1:      kilobyte_arrival_exit_the_forest, minmay_misc_feat_room
D:2:      nicolae_overflow_hidden_temple
D:3:      cheibrodos_fertilizer, kennysheep_okawaru_gauntlet
D:4:      first_bread, serial_shops, kennysheep_little_box
D:5:      bloody_trog, zin_statuary, minitemple, serial_shops,
          kennysheep_mini_moat, minmay_misc_feat_rows
D:6:      kennysheep_slug_shrine
D:7:      temple_doors_e, basic_altar, grunt_ogre_cave, hangedman_decor_lopped,
          uniq_duvessa
D:9:      lemuel_coloured_pillars_altar, uniq_grum
D:10:     feat_on_display
D:11:     erik_lair_orcish_takeover, david_orc_2
Lair:1:   grunt_forest_large_clearing_hut, grunt_megastairs_1,
          minmay_lair_oklob_chamber
Lair:2:   dummy_snake_entry
Lair:3:   minmay_shoals_entry_beasts
Lair:4:   gammafunk_lair_enchanted_lake, lemuel_fruit_tree, uniq_josephine
Lair:5:   lemuel_fruit_fields, lemuel_fruit_fields, serial_bayou_shore_a,
          serial_bayou_shore_b, grunt_megastairs_2, lemuel_fruit_fields
Lair:6:   grunt_lair_end_beastmaster, slime_altar_1,
          portal_ice_cave_entry_pillars_1
Shoals:1: nicolae_shoals_cliffside_cave, hangedman_shoals_cup_caves
Shoals:2: serial_shops, shop_fountains
Shoals:3: uniq_nikola, uniq_polyphemus
Shoals:4: shoals_end_simple, shoals_ilsuiw_alternative
Snake:1:  nicolae_snake_nest, grunt_ministairs_7, st_stairs_9,
          lemuel_oklob_altar
Snake:2:  uniq_aizul
Snake:3:  serial_shops, shop, minmay_shoptagon, uniq_vashnia, uniq_mara
Snake:4:  snake_pit_salamanders_mu, grunt_ministairs_13, uniq_agnes
Slime:1:  cheibrodos_slime_lost_civilization_4
IceCv:    ice_cave_small_necro

Skill      XL: |  1  2  3  4  5  6  7  8  9 10 11 12 13 14 15 16 17 18 |
---------------+-------------------------------------------------------+-----
Throwing       | 2 |  2.1
Axes           | 3 4 5 6 7 9 10 11 13 14 15 16 17 | 17.9
Fighting       | 3 4 5 6 7 9 10 11 13 14 15 16 | 16.6
Armour         | 2 4 5 7 9 10 12 13 14 15 | 15.0
Shields        | 2 4 |  4.2
Invocations    | 3 4 6 8 10 11 12 13 | 13.0
Dodging        | 3 5 6 |  6.3
Spellcasting   | 1 2 |  2.6

Action                   |  1- 3 |  4- 6 |  7- 9 | 10-12 | 13-15 | 16-18 || total
-------------------------+-------+-------+-------+-------+-------+-------++-------
Melee: War axe           |    94 |   155 |   195 |   517 |  1218 |   939 ||  3118
       Hand axe          |       |       |   152 |       |       |       ||   152
       Trident           |       |       |       |   179 |   100 |       ||   279
       Battleaxe         |       |       |       |       |       |    49 ||    49
       Broad axe         |       |       |       |       |       |   360 ||   360
 Fire: Blowgun           |       |       |     8 |       |       |       ||     8
Invok: Lesser Servant of |       |       |       |     2 |     1 |     3 ||     6
       Greater Servant o |       |       |       |       |       |     2 ||     2
 Abil: Fly               |       |       |       |       |     1 |       ||     1
  Use: Scroll            |       |       |       |     8 |     8 |     7 ||    23
       Potion            |       |       |       |       |     1 |     1 ||     2
 Stab: Sleeping          |       |     1 |       |       |       |       ||     1
       Distracted        |       |       |       |     2 |       |       ||     2
       Petrified         |       |       |       |       |    13 |       ||    13
  Eat: Chunk             |       |     2 |     3 |     3 |    10 |     8 ||    26
       Fruit             |       |     1 |     3 |     5 |     5 |    18 ||    32
       Royal jelly       |       |       |     1 |     1 |     1 |     2 ||     5
       Meat ration       |       |       |     1 |     2 |       |       ||     3
Armor: Leather armour    |    41 |    78 |    77 |       |       |       ||   196
       Plate armour      |       |       |    77 |   525 |   892 |   349 ||  1843
       Scale mail        |       |       |       |       |       |   547 ||   547
Dodge: Dodged            |    61 |   125 |   119 |   185 |   402 |   527 ||  1419
Block: Other             |       |       |    17 |       |       |    20 ||    37
       Buckler           |       |       |   159 |   546 |   955 |   939 ||  2599
       Reflection        |       |       |    12 |     5 |    63 |    83 ||   163

Table legend:
 A = Spawn XP
 B = Non-spawn XP
 C = Spawn XP percentage of total XP
 D = Spawn monster count
 E = Non-spawn monster count
 F = Spawn count percentage of total count
 G = Total turns spent on level
                    A         B        C        D         E        F      G
               +---------+---------+-------+---------+---------+-------+---------
         Total |       0 |  268722 |   0.0 |       0 |     765 |   0.0 | 13195
               +---------+---------+-------+---------+---------+-------+---------
           D:1 |       0 |      22 |   0.0 |       0 |      13 |   0.0 |   396
           D:2 |       0 |      83 |   0.0 |       0 |      15 |   0.0 |   494
           D:3 |       0 |      28 |   0.0 |       0 |      15 |   0.0 |   297
           D:4 |       0 |     440 |   0.0 |       0 |      13 |   0.0 |   453
           D:5 |       0 |     347 |   0.0 |       0 |      20 |   0.0 |   571
           D:6 |       0 |     787 |   0.0 |       0 |      18 |   0.0 |   634
           D:7 |       0 |     738 |   0.0 |       0 |      21 |   0.0 |   346
           D:8 |       0 |     390 |   0.0 |       0 |      10 |   0.0 |   337
           D:9 |       0 |    1771 |   0.0 |       0 |      23 |   0.0 |   531
          D:10 |       0 |    2687 |   0.0 |       0 |      26 |   0.0 |   532
          D:11 |       0 |    2239 |   0.0 |       0 |      25 |   0.0 |   150
        Lair:1 |       0 |    2714 |   0.0 |       0 |      14 |   0.0 |   322
        Lair:2 |       0 |    6963 |   0.0 |       0 |      30 |   0.0 |   588
        Lair:3 |       0 |    7858 |   0.0 |       0 |      23 |   0.0 |   704
        Lair:4 |       0 |   12490 |   0.0 |       0 |      38 |   0.0 |   801
        Lair:5 |       0 |    7741 |   0.0 |       0 |      31 |   0.0 |   548
        Lair:6 |       0 |   24181 |   0.0 |       0 |      65 |   0.0 |   849
      Shoals:1 |       0 |   13813 |   0.0 |       0 |      28 |   0.0 |   448
      Shoals:2 |       0 |   14444 |   0.0 |       0 |      35 |   0.0 |   503
      Shoals:3 |       0 |   26563 |   0.0 |       0 |      46 |   0.0 |   578
      Shoals:4 |       0 |   43867 |   0.0 |       0 |      72 |   0.0 |   951
       Snake:1 |       0 |    3051 |   0.0 |       0 |       6 |   0.0 |   191
       Snake:2 |       0 |   10152 |   0.0 |       0 |      25 |   0.0 |   404
       Snake:3 |       0 |   19606 |   0.0 |       0 |      35 |   0.0 |   432
       Snake:4 |       0 |   63098 |   0.0 |       0 |      97 |   0.0 |   945
       Slime:1 |       0 |    1014 |   0.0 |       0 |       5 |   0.0 |    34
         IceCv |       0 |    1635 |   0.0 |       0 |      16 |   0.0 |   156
               +---------+---------+-------+---------+---------+-------+---------
